 Dungeon Crawl Stone Soup version 0.30-a0-956-gcec3b41aec (webtiles) character file.

Game seed: 11066445340675911480

42427 Ahpoh the Spear-Bearer (level 14, -6/88 HPs)
             Began as a Gargoyle Gladiator on Mar 29, 2023.
             Was an Elder of Wu Jian.
             Mangled by a tentacle (15 damage)
             ... attached to a kraken
             ... on level 2 of the Shoals.
             The game lasted 01:01:33 (12114 turns).

Ahpoh the Spear-Bearer (Gargoyle Gladiator)        Turns: 12114, Time: 01:01:33

Health: -6/88      AC: 29    Str: 18    XL:     14   Next: 19%
Magic:  14/14      EV: 17    Int: 10    God:    Wu Jian [****..]
Gold:   447        SH: 20    Dex: 21    Spells: 13/13 levels left

rFire   + . .      SeeInvis .    v - +8 trident of the Octopus King {venom, rElec rPois}
rCold   . . .      Faith    .    O - +1 tower shield {AC+3}
rNeg    + . .      Spirit   .    N - +2 scale mail {rF+}
rPois   ∞          Reflect  .    P - +2 helmet
rElec   +          Rampage  .    w - +0 cloak
rCorr   .                        (no gloves)
Will    +....                    (no boots)
Stlth   ++                       k - amulet of regeneration
HPRegen 1.14/turn                Y - +5 ring of evasion
MPRegen 0.14/turn                d - +6 ring of dexterity

@: about to teleport, flying
A: sickness immunity, AC +10, big wings, negative energy resistance 1,
electricity resistance, torment resistance 1, petrification resistance
a: Renounce Religion, Wall Jump, Serpent's Lash


You were on level 2 of the Shoals.
You worshipped Wu Jian.
Wu Jian was greatly pleased with you.
You visited 4 branches of the dungeon, and saw 14 of its levels.
You also visited: Bailey.

You collected 832 gold pieces.
You spent 385 gold pieces at shops.

Inventory:

Hand Weapons
 v - the +8 trident of the Octopus King (weapon) {venom, rElec rPois}
   (You found it on level 3 of the Dungeon)

   rElec:     It insulates you from electricity.
   rPois:     It protects you from poison.
Missiles
 e - 4 javelins (quivered)
 R - 3 boomerangs of dispersal
Armour
 c - a +0 helmet
 w - a +0 cloak (worn)
 N - a +2 scale mail of fire resistance (worn)
 O - a +1 tower shield of protection (worn)
 P - a +2 helmet (worn)
Jewellery
 d - a +6 ring of dexterity (right hand)
 k - an amulet of regeneration (around neck)
 m - a ring of positive energy
 G - a +6 ring of strength
 W - a ring of protection from cold
 Y - a +5 ring of evasion (left hand)
Wands
 o - a wand of flame (13)
 B - a wand of quicksilver (5)
 I - a wand of digging (7)
 M - a wand of mindburst (40)
 S - a wand of iceblast (3)
 X - a wand of polymorph (3)
 Z - a wand of paralysis (7)
Scrolls
 a - 2 scrolls of poison {unknown}
 f - 2 scrolls of identify
 g - 3 scrolls of fog
 h - 2 scrolls of teleportation
 n - 3 scrolls of vulnerability
 p - a scroll of blinking
 q - 2 scrolls of brand weapon
 u - 3 scrolls of immolation
 x - a scroll of torment
 y - a scroll of amnesia
 z - 5 scrolls of magic mapping
 E - a scroll of butterflies
 F - 4 scrolls of enchant weapon
 K - a scroll of fear {unknown}
 L - 2 scrolls of noise
 Q - a scroll of enchant armour {unknown}
Potions
 b - a potion of invisibility {unknown}
 i - 2 potions of flight
 j - 4 potions of degeneration
 l - 4 potions of might
 r - 4 potions of curing
 s - 2 potions of cancellation {unknown}
 t - a potion of brilliance {unknown}
 A - a potion of mutation {unknown}
 C - a potion of berserk rage {unknown}
 D - 3 potions of heal wounds
 H - 2 potions of attraction {unknown}
 J - 5 potions of haste
 T - 2 potions of lignification
 U - a potion of resistance
Miscellaneous
 V - a phantom mirror


   Skills:
 + Level 10.2 Fighting
 + Level 4.4 Long Blades
 + Level 13.0 Polearms
 + Level 2.4 Throwing
 + Level 10.1 Armour
 + Level 7.4 Dodging
 + Level 4.0 Stealth
 + Level 12.6 Shields
 + Level 0.7 Evocations


You had 13 spell levels left.
You didn't know any spells.
Your spell library contained the following spells:

 Spells                   Type           Power      Damage    Failure   Level
 Apportation              Tloc           0%         N/A       99%         1
 Beastly Appendage        Tmut           0%         N/A       99%         1
 Freeze                   Ice            0%         1d3       99%         1
 Summon Small Mammal      Summ           0%         N/A       99%         1
 Wereblood                Tmut           0%         N/A       100%        2
 Call Canine Familiar     Summ           0%         N/A       100%        3
 Frozen Ramparts          Ice            0%         1d1       100%        3
 Hailstorm                Conj/Ice       0%         3d3       100%        3
 Ozocubu's Armour         Ice            0%         N/A       100%        3
 Spider Form              Tmut/Pois      0%         N/A       100%        3
 Summon Guardian Golem    Hex/Summ       0%         N/A       100%        3
 Tukima's Dance           Hex            0%         N/A       100%        3
 Airstrike                Air            0%         2d(0-16)  100%        4
 Olgreb's Toxic Radiance  Pois           0%         N/A       100%        4
 Passage of Golubria      Tloc           0%         N/A       100%        4
 Petrify                  Tmut/Erth      0%         N/A       100%        4
 Summon Lightning Spire   Summ/Air       0%         N/A       100%        4
 Alistair's Intoxication  Tmut/Pois      0%         N/A       100%        5
 Irradiate                Conj/Tmut      0%         3d11      100%        5
 Metabolic Englaciation   Hex/Ice        0%         N/A       100%        5
 Plasma Beam              Fire/Air       0%         2x1d7     100%        5
 Yara's Violent Unravell  Hex/Tmut       0%         3d3       100%        5
 Ozocubu's Refrigeration  Ice            0%         4d7       100%        7
 Ignition                 Fire           0%         3d3       100%        8
 Sublimation of Blood     Necr           Unusable   N/A       N/A         2
 Statue Form              Tmut/Erth      Unusable   N/A       N/A         6

Dungeon Overview and Level Annotations

Branches:
Dungeon (8/15)             Temple (1/1) D:6            Lair (3/5) D:8
 Shoals (2/4) Lair:2       Spider (0/4) Lair:3       Bailey (visited)

Altars:
Fedhas
Gozag
Hepliaklqana
Kikubaaqudgha
Makhleb
Nemelex Xobeh
Okawaru
Qazlal
Ru
Sif Muna
Trog
Uskayaw
Vehumet
Wu Jian
Xom
Yredelemnul
Zin
The Shining One

Shops:
D:4 **   D:5 *   Shoals:1 *   Shoals:2 :

Annotations:
D:5 2 runed translucent doors
Lair:1 2 transporters, HilariousDeathArtist's ghost, novice MeGl
Lair:3 1 runed translucent door, baller8008's ghost, journeyman DECj


Innate Abilities, Weirdness & Mutations

You are immune to sickness and miasma.
Your stone body is resilient. (AC +10)
You are immune to poison.
Your large and strong wings let you fly.
You resist negative energy. (rN+)
You are resistant to electric shocks. (rElec)
You are resistant to unholy torment.
You are immune to petrification.


Message History

You block the tentacle's attack. The tentacle barely misses you.
A tentacle segment bursts forth from the water.
You hit the tentacle.
The tentacle is poisoned.
The tentacle is lightly wounded.
The tentacle slaps you but does no damage.
You block the tentacle's attack. x3; The tentacle barely misses you.
The tentacle slaps you!
As you read the scroll of teleportation, it crumbles to dust.
You feel strangely unstable. You block the tentacle's attack. x2
The tentacle slaps you!
A tentacle segment bursts forth from the water. x2
A tentacle rises from the water!
You block the tentacle's attack.
The tentacle slaps you but does no damage. x2
A tentacle comes into view.
You spin and attack the tentacle.
You hit the tentacle.
The tentacle looks even sicker.
The tentacle is lightly wounded.
You spin and attack the tentacle.
You puncture the tentacle!
The tentacle looks as sick as possible!
The tentacle is heavily wounded.
You block the tentacle's attack.
A tentacle segment bursts forth from the water. x2
The tentacle slaps you!
* * * LOW HITPOINT WARNING * * *
The tentacle closely misses you.
The tentacle moves out of view.
You spin and attack the tentacle.
You hit the tentacle.
The tentacle is lightly wounded.
You block the tentacle's attack. x2
The tentacle slaps you but does no damage.
The tentacle slaps you.
* * * LOW HITPOINT WARNING * * *
You feel better. The tentacle slaps you!
* * * LOW HITPOINT WARNING * * *
The tentacle closely misses you. You block the tentacle's attack.
The tentacle slaps you!
* * * LOW HITPOINT WARNING * * *
A tentacle segment bursts forth from the water. x2
You block the tentacle's attack. The tentacle misses you.
You block the tentacle's attack. The tentacle slaps you!
You die...

..(.~≈≈..# #
≈≈≈≈≈~...~≈≈≈~.##### #
#..≈≈≈~~~≈≈≈~~~.)..####
###...≈≈≈≈≈≈≈~~~~~†~~....
.....~~~~~~~~~~~~~~~~~~~~
.....~~≈≈≈≈≈≈≈≈≈~~~~~~~~~
...~..~~~~≈≈≈≈≈≈≈≈≈≈~~~~~
~~~~~~~w~~~~≈≈≈≈≈≈≈≈≈≈≈≈≈
~~~~~~~w@~~~≈≈≈≈≈≈≈≈≈≈≈≈≈
~~~~./>>~~≈≈≈≈≈≈≈≈≈≈≈≈≈
≈≈~~/..**/.~~≈≈≈≈≈≈≈≈≈≈≈≈≈
≈≈~~..~~~~..~≈≈≈≈≈≈≈≈≈≈≈≈≈
≈≈~~~~~~~~.~~~≈≈≈≈≈≈≈≈≈≈≈≈
≈≈≈~~~~~~~~~~≈≈≈≈≈≈≈≈≈≈≈≈≈
≈≈≈≈≈≈X~~~~~≈≈≈≈≈≈≈≈≈≈≈≈≈≈
≈≈≈≈≈≈≈≈≈≈≈≈≈≈≈≈≈≈≈≈≈≈≈≈≈≈


You could see a kraken and 4 tentacles.

Vanquished Creatures
  4 merfolk impalers
  2 merfolk avatars (Shoals:1)
  4 death yaks
  Sonja (Lair:2)
  5 skysharks
  6 sea snakes
  A lindwurm (Lair:2)
  16 harpies
  6 fauns
  A cyclops (Shoals:1)
  5 manticores
  Joseph (D:7)
  A black mamba (Lair:1)
  3 elephants
  A merfolk siren (Shoals:2)
  2 water nymphs
  2 cane toads
  Maggie (D:7)
  3 rime drakes (Lair:1)
  6 merfolk
  A polar bear (Lair:3)
  4 wind drakes
  3 dream sheep (Shoals:1)
  6 blink frogs
  A snapping turtle (Shoals:1)
  A spriggan (Lair:3)
  A wyvern (D:8)
  A basilisk (Lair:2)
  17 yaks
  A redback (Lair:3)
  A steam dragon (D:7)
  14 water moccasins
  7 orc warriors
  Duvessa (D:5)
  An ice beast (D:6)
  4 black bears
  12 wolves
  A phantom (D:5)
  4 centaurs
  2 ogres
  Blork the orc (D:5)
  8 bullfrogs
  A scorpion (D:5)
  Dowan (D:5)
  13 killer bees
  4 jellies
  3 hounds
  An orc priest (D:5)
  3 gnoll boudas
  2 iguanas (D:5)
  7 orc wizards
  A statue (D:7)
  Robin (D:2)
  11 adders
  16 gnolls
  A shadow imp (D:7)
  A white imp (D:6)
  3 ufetubi
  3 worms
  2 dart slugs
  41 orcs
  10 ball pythons
  7 endoplasms
  3 giant cockroaches
  10 goblins
  14 hobgoblins
  4 kobolds
  4 quokkas
  3 bats
  7 rats
340 creatures vanquished.

Vanquished Creatures (others)
  8 fungi
  31 plants
  A tentacle (Shoals:2)
40 creatures vanquished.

Grand Total: 380 creatures vanquished

Notes
Turn   | Place    | Note
-------+----------+-------------------------------------------
     0 | D:1      | Ahpoh the Gargoyle Gladiator began the quest for the Orb.
     0 | D:1      | Reached XP level 1. HP: 12/12 MP: 1/1
   105 | D:1      | Reached XP level 2. HP: 12/17 MP: 2/2
   669 | D:2      | Reached XP level 3. HP: 22/22 MP: 3/3
   940 | D:1      | Reached XP level 4. HP: 26/27 MP: 4/4
  1210 | D:2      | Reached skill level 1 in Armour
  1267 | D:2      | Noticed Robin
  1283 | D:2      | Killed Robin
  1298 | D:2      | Reached XP level 5. HP: 31/31 MP: 5/5
  1940 | D:3      | Found the +8 trident of the Octopus King {venom, rElec
                  | rPois}
  2214 | D:4      | Found a stormy altar of Qazlal.
  2905 | D:4      | Noticed an ogre
  2913 | D:4      | Killed an ogre
  2914 | D:4      | Reached skill level 1 in Polearms
  2914 | D:4      | Reached XP level 6. HP: 21/36 MP: 6/6
  2950 | D:4      | Found Folion's Specific Store.
  2953 | D:4      | Found Esuxet's General Store.
  2961 | D:4      | Bought a scroll of identify for 28 gold pieces
  2961 | D:4      | Bought a scroll of identify for 28 gold pieces
  3004 | D:5      | Entered Level 5 of the Dungeon
  3051 | D:5      | Reached skill level 2 in Polearms
  3051 | D:5      | Reached XP level 7. HP: 33/41 MP: 7/7
  3103 | D:5      | Found an opulent altar of Gozag.
  3116 | D:5      | Reached skill level 1 in Stealth
  3155 | D:5      | Identified the +8 short sword of World's End {flame, Str+5}
  3259 | D:5      | Found an opulent altar of Gozag.
  3268 | D:5      | Reached skill level 3 in Polearms
  3269 | D:5      | Found Petsocism's General Store.
  3299 | D:5      | Bought a scroll of enchant weapon for 82 gold pieces
  3363 | D:5      | Found a runed translucent door.
  3365 | D:5      | Found a runed translucent door.
  3365 | D:5      | Noticed a vampire mosquito
  3668 | D:5      | Noticed Blork the orc
  3676 | D:5      | Killed Blork the orc
  3677 | D:5      | Reached XP level 8. HP: 46/48 MP: 8/8
  3795 | D:5      | Noticed Duvessa
  3795 | D:5      | Noticed Dowan
  3806 | D:5      | Killed Duvessa
  3807 | D:5      | Reached skill level 4 in Polearms
  3809 | D:5      | Killed Dowan
  3994 | D:6      | Reached skill level 5 in Polearms
  3994 | D:6      | Reached skill level 5 in Armour
  4231 | D:6      | Reached skill level 6 in Polearms
  4300 | D:6      | Found a staircase to the Ecumenical Temple.
  4309 | Temple   | Entered the Ecumenical Temple
  4414 | Temple   | Became a worshipper of the Wu Jian Council
  4473 | D:5      | Reached XP level 9. HP: 42/52 MP: 9/9
  4886 | D:7      | Noticed Joseph
  5117 | D:7      | Noticed Maggie
  5131 | D:7      | Killed Maggie
  5132 | D:7      | Reached skill level 5 in Fighting
  5147 | D:7      | Found a basalt altar of Yredelemnul.
  5200 | D:7      | Reached skill level 7 in Polearms
  5267 | D:7      | Noticed a manticore
  5334 | D:7      | Killed Joseph
  5334 | D:7      | Reached * piety under Wu Jian
  5335 | D:7      | Reached skill level 1 in Shields
  5431 | D:7      | Found a radiant altar of Vehumet.
  5544 | D:7      | Reached XP level 10. HP: 59/60 MP: 10/10
  5832 | D:7      | Killed a manticore
  5833 | D:7      | Reached skill level 8 in Polearms
  5877 | D:7      | Found a glowing golden altar of the Shining One.
  5969 | D:7      | Found a shimmering altar of Xom.
  6067 | D:8      | Found a staircase to the Lair.
  6208 | D:8      | Found a flagged portal.
  6228 | Bailey   | Entered a bailey
  6305 | Bailey   | Reached ** piety under Wu Jian
  6546 | Bailey   | Identified the staff of earth "Sydam" {Str+4 Int+6}
  6685 | D:8      | Found Ufuupefa's Serpentskin Sales.
  7233 | Lair:1   | Entered Level 1 of the Lair of Beasts
  7233 | Lair:1   | Noticed a moth of wrath
  7233 | Lair:1   | Found a transporter.
  7237 | Lair:1   | Noticed HilariousDeathArtist's ghost (novice MeGl)
  7240 | Lair:1   | Noticed a spriggan rider
  7322 | Lair:1   | Found a transporter.
  7335 | Lair:1   | Found a bloodstained altar of Trog.
  7364 | Lair:1   | Noticed a cane toad
  7372 | Lair:1   | Killed a cane toad
  7372 | Lair:1   | Noticed a black mamba
  7373 | Lair:1   | Reached skill level 9 in Polearms
  7373 | Lair:1   | Reached skill level 5 in Dodging
  7427 | Lair:1   | Reached XP level 11. HP: 67/67 MP: 11/11
  7458 | Lair:1   | Reached skill level 5 in Shields
  8161 | Lair:2   | Identified the +1 robe of Lueff {Dex+3}
  8174 | Lair:2   | Identified the +5 short sword "Eruyth" {heavy, Str+3}
  8578 | Lair:2   | Reached *** piety under Wu Jian
  8689 | Lair:2   | Noticed a lindwurm
  8700 | Lair:2   | Killed a lindwurm
  8701 | Lair:2   | Reached skill level 10 in Polearms
  9045 | Lair:3   | Noticed Sonja
  9088 | Lair:2   | Killed Sonja
  9089 | Lair:2   | Reached XP level 12. HP: 74/74 MP: 12/12
  9227 | Lair:3   | Found a hole to the Spider Nest.
  9278 | Lair:3   | Found a runed translucent door.
  9282 | Lair:3   | Noticed baller8008's ghost (journeyman DECj)
  9284 | Lair:3   | Identified the +6 spear "Nuucepefi" {flame, Contam Fly
                  | rElec rC++}
  9317 | Lair:3   | Found a bloodstained altar of Trog.
  9609 | Lair:3   | Noticed a death yak
  9610 | Lair:3   | Noticed a death yak
  9610 | Lair:3   | Noticed a death yak
  9639 | Lair:3   | Noticed a death yak
  9647 | Lair:2   | Killed a death yak
  9955 | Lair:2   | Killed a death yak
 10051 | Lair:3   | Killed a death yak
 10059 | Lair:3   | Killed a death yak
 10060 | Lair:3   | Reached skill level 11 in Polearms
 10295 | Shoals:1 | Entered Level 1 of the Shoals
 10376 | Shoals:1 | Found Moib's Assorted Antiques.
 10483 | Shoals:1 | Bought a scroll of enchant weapon for 195 gold pieces
 10483 | Shoals:1 | Bought a scroll of identify for 52 gold pieces
 10521 | Shoals:1 | Reached **** piety under Wu Jian
 10522 | Shoals:1 | Reached skill level 10 in Shields
 10522 | Shoals:1 | Reached XP level 13. HP: 77/80 MP: 13/13
 10527 | Shoals:1 | Noticed a merfolk impaler
 10655 | Shoals:1 | Killed a merfolk impaler
 10816 | Shoals:1 | Reached skill level 12 in Polearms
 10865 | Shoals:1 | Noticed a merfolk impaler
 10880 | Shoals:1 | Killed a merfolk impaler
 11451 | Shoals:2 | Noticed a merfolk impaler
 11454 | Shoals:2 | Noticed a merfolk impaler
 11463 | Shoals:2 | Killed a merfolk impaler
 11594 | Shoals:2 | Reached skill level 10 in Fighting
 11632 | Shoals:2 | Identified the +2 rapier of Yesterday {speed, Will+ Str+4
                  | Dex-4 Stlth+}
 11638 | Shoals:2 | Reached skill level 10 in Armour
 11638 | Shoals:2 | Gained mutation: Your large and strong wings let you fly.
                  | [Gargoyle growth]
 11638 | Shoals:2 | Reached XP level 14. HP: 86/88 MP: 14/14
 11789 | Shoals:2 | Found Tigubbel's Self-Improvement Boutique.
 11808 | Shoals:2 | Reached skill level 13 in Polearms
 12101 | Shoals:2 | Noticed a kraken
 12114 | Shoals:2 | Mangled by a tentacle

Illustrated notes

Levels and vault maps discovered:
D:1:      kennysheep_arrival_forest, layout_rooms, chequers_arboretum
D:2:      layout_basic, minmay_fractal_squares_gapless_5, uniq_robin
D:3:      layout_basic
D:4:      layout_basic, mainiacjoe_overflow_surrounded_room,
          hangedman_decor_diamond_cutter, nicolae_specific_store
D:5:      lemuel_insect_pit, layout_loops_ring, serial_shops,
          nicolae_shop_advertising_works [nicolae_subvault_shop_adworks],
          hangedman_feature_mirror, grunt_ministairs_5, st_stairs_7,
          uniq_blork_the_orc, uniq_duvessa
D:6:      layout_cave_pools, minmay_temple_entry_mist, minivault_10
D:7:      layout_loops_ring, vehumet_statue, mainiacjoe_overflow_alcove_4,
          lemuel_round_altar, lemuel_doored_altar, hangedman_decor_opposing,
          uniq_maggie, uniq_joseph
D:8:      layout_cave_pods, lair_entry_dummy, enter_bailey_2,
          guppyfry_shop_venom
Temple:   eino_narrow_crystal_temple
Lair:1:   layout_regular_city, serial_rivers, chequers_serial_rivers_micro_d,
          chequers_serial_rivers_micro_b, chequers_serial_rivers_small_a,
          chequers_serial_rivers_micro_e, gammafunk_ghost_wrathful_warriors,
          lemuel_fruit_tree, serial_bayou_shore_a, infiniplex_staircase_pool
Lair:2:   layout_regular_city, nicolae_shoals_entry_flooding
Lair:3:   layout_cave_shapes, spider_nest_entry_a, ebering_ghost_funeral_grove,
          basic_altar, forest_entry_grove, uniq_sonja
Shoals:1: layout_shoals, serial_shops, nicolae_shop_waterfront
Shoals:2: nicolae_shoals_island_circles, layout_shoals, nicolae_shop_self_help

Skill      XL: |  1  2  3  4  5  6  7  8  9 10 11 12 13 14 |
---------------+-------------------------------------------+-----
Long Blades    | 3 4 |  4.4
Armour         | 1 3 4 5 6 7 8 9 10 | 10.1
Dodging        | 3 4 5 6 7 |  7.4
Polearms       | 1 2 3 6 7 9 10 11 12 13 | 13.0
Throwing       | 2 |  2.4
Fighting       | 3 4 6 7 8 9 10 | 10.2
Stealth        | 1 2 3 4 |  4.0
Shields        | 2 4 7 10 12 | 12.6
Evocations     | |  0.7

Action                     |  1- 3 |  4- 6 |  7- 9 | 10-12 | 13-15 || total
---------------------------+-------+-------+-------+-------+-------++-------
  Melee: Long sword        |    99 |   111 |       |       |       ||   210
         Punch             |     2 |     3 |     1 |       |       ||     6
         Trident           |       |    72 |   220 |   591 |   417 ||  1300
  Throw: Throwing net      |       |     2 |     2 |       |     1 ||     5
         Javelin           |       |       |       |     4 |     4 ||     8
 Invoke: Serpent's Lash    |       |       |       |     1 |     1 ||     2
Ability: Lunge             |       |       |     9 |    29 |    33 ||    71
         Whirlwind         |       |       |     1 |    30 |    30 ||    61
  Evoke: Wand              |       |       |       |     3 |       ||     3
         Phantom mirror    |       |       |       |     1 |       ||     1
    Use: Scroll            |       |       |    10 |     8 |     2 ||    20
         Potion            |       |       |     2 |       |     1 ||     3
   Stab: Held in net/web   |       |     1 |     3 |       |     1 ||     5
 Armour: Leather armour    |    32 |    38 |       |       |       ||    70
         Ring mail         |       |    32 |       |       |       ||    32
         Scale mail        |       |    19 |   138 |   320 |   175 ||   652
  Dodge: Dodged            |    49 |   136 |   124 |   193 |   192 ||   694
  Block: Kite shield       |       |       |    30 |    39 |       ||    69
         Tower shield      |       |       |       |   483 |   426 ||   909

Table legend: (Time is in decaauts)
 A = Elapsed time spent in this place.
 B = Non-inter-level travel time spent in this place.
 C = Inter-level travel time spent in this place.
 D = Time resting spent in this place.
 E = Time spent auto-exploring this place.
 F = Levels seen in this place.
 G = Mean time per level.
                   A        B        C        D        E       F      G
               +--------+--------+--------+--------+--------+-----+--------+
         Total |  12381 |  11914 |    467 |    676 |   6446 |  15 |  825.4 |
       Dungeon |   6858 |   6464 |    394 |    416 |   3765 |   8 |  857.2 |
        Temple |    113 |     81 |     32 |      0 |     74 |   1 |  113.0 |
          Lair |   3188 |   3156 |     32 |    161 |   1694 |   3 | 1062.7 |
        Shoals |   1841 |   1832 |      9 |     87 |    818 |   2 |  920.5 |
        Bailey |    379 |    379 |      0 |     12 |     95 |   1 |  379.0 |
               +--------+--------+--------+--------+--------+-----+--------+

Top non-repeatable levels by time:
  Lair:2: 1271 daAuts
Shoals:1: 1106 daAuts
     D:7: 1018 daAuts
  Lair:3: 996 daAuts
     D:6: 944 daAuts
  Lair:1: 920 daAuts
     D:4: 887 daAuts
     D:5: 883 daAuts
     D:1: 882 daAuts
     D:8: 878 daAuts
     D:2: 802 daAuts
Shoals:2: 735 daAuts
     D:3: 560 daAuts
  Bailey: 379 daAuts
  Temple: 113 daAuts
